 Dungeon Crawl Stone Soup version 0.31-a0-765-g67fe2935dc (webtiles) character file.

Game seed: 6657399668615487781

1745 Dittersdorf the Trooper (level 9, -2/57 HPs)
             Began as a Gargoyle Fighter on Sept 15, 2023.
             Was a Believer of Okawaru.
             Killed from afar by a steam dragon (5 damage)
             ... with a ball of steam
             ... on level 7 of the Dungeon.
             The game lasted 00:07:57 (6391 turns).

Dittersdorf the Trooper (Gargoyle Fighter)          Turns: 6391, Time: 00:07:58

Health: -2/57      AC: 15    Str: 24    XL:     9   Next: 6%
Magic:  9/9        EV:  9    Int: 15    God:    Okawaru [**....]
Gold:   290        SH:  6    Dex:  9    Spells: 8/8 levels left

rFire   . . .        a - +1 flail
rCold   . . .        c - +1 buckler
rNeg    + . .        b - +0 scale mail
rPois   ∞            m - +0 helmet
rElec   +            (no cloak)
rCorr   .            (no gloves)
SInv    .            (no boots)
Will    .....        (no amulet)
Stlth   x              - +6 ring of intelligence
HPRegen 0.29/turn    (no ring)
MPRegen 0.11/turn

%: no passive effects
@: no status effects
A: sickness immunity, AC +6, negative energy resistance 1, electricity
resistance, torment resistance 1, petrification resistance
a: Renounce Religion, Heroism


You were on level 7 of the Dungeon.
You worshipped Okawaru.
Okawaru was pleased with you.
You visited 2 branches of the dungeon, and saw 8 of its levels.

You collected 290 gold pieces.

Inventory:

Hand Weapons
 a - a +1 flail (weapon)
Missiles
 v - 19 poisoned darts (quivered)
 y - 2 throwing nets
Armour
 b - a +0 scale mail (worn)
 c - a +1 buckler (worn)
 m - a +0 helmet (worn)
 r - a +0 plate armour
Jewellery
 x - a +6 ring of intelligence (left hand)
Wands
 l - a wand of iceblast (3)
Scrolls
 g - a scroll of enchant armour
 k - 4 scrolls of blinking
 t - a scroll of fear
Potions
 d - 2 potions of might
 e - a potion of resistance
 f - 2 potions of haste
 h - 3 potions of degeneration {unknown}
 i - 5 potions of curing {unknown}
 j - 4 potions of attraction {unknown}
 n - a potion of cancellation
 o - a potion of heal wounds
 p - 3 potions of magic
 s - 2 potions of brilliance
 u - 2 potions of ambrosia
 z - a potion of berserk rage {unknown}


   Skills:
 + Level 7.0 Fighting
 + Level 5.9 Maces & Flails
 + Level 7.0 Armour
 + Level 7.0 Shields


You had 8 spell levels left.
You didn't know any spells.
Your spell library contained the following spells:

 Spells                   Type           Power      Damage    Failure   Level
 Necrotise                Necr           0%         1d4       56%         1
 Inner Flame              Hex/Fire       0%         N/A       91%         3
 Vampiric Draining        Necr           0%         2d6       91%         3
 Agony                    Necr           0%         N/A       100%        5
 Yara's Violent Unravell  Hex/Tmut       0%         3d3       100%        5
 Enfeeble                 Hex            0%         N/A       100%        7


Dungeon Overview and Level Annotations

Branches:
Dungeon (7/15)             Temple (1/1) D:4

Altars:
Ashenzari
Cheibriados
Dithmenos
Elyvilon
Fedhas
Hepliaklqana
Kikubaaqudgha
Makhleb
Okawaru
Qazlal
Ru
Sif Muna
Trog
Uskayaw
Wu Jian
Xom
Yredelemnul
Zin
The Shining One


Innate Abilities, Weirdness & Mutations

You are immune to sickness and miasma.
Your stone body is resilient. (AC +6)
You are immune to poison.
You resist negative energy. (rN+)
You are resistant to electric shocks. (rElec)
You are resistant to unholy torment.
You are immune to petrification.


Message History

You are too injured to fight recklessly!
You are too injured to fight recklessly!
You are too injured to fight recklessly!
You are too injured to fight recklessly!
You are too injured to fight recklessly!
You are too injured to fight recklessly!
You are too injured to fight recklessly!
You are too injured to fight recklessly!
You are too injured to fight recklessly!
You are too injured to fight recklessly!
You are too injured to fight recklessly!
You are too injured to fight recklessly!
You are too injured to fight recklessly!
You are too injured to fight recklessly!
You are too injured to fight recklessly!
You are too injured to fight recklessly!
You are too injured to fight recklessly!
You are too injured to fight recklessly!
You are too injured to fight recklessly!
You are too injured to fight recklessly!
You closely miss the steam dragon.
The steam dragon is moderately wounded.
You are engulfed in a cloud of scalding steam.
* * * LOW HITPOINT WARNING * * *
You block the steam dragon's attack. x2
You closely miss the steam dragon.
The steam dragon is moderately wounded.
You are engulfed in a cloud of scalding steam.
The steam dragon bites you.
* * * LOW HITPOINT WARNING * * *
The steam dragon barely misses you.
You hit the steam dragon.
The steam dragon is heavily wounded.
The steam dragon bites you but does no damage.
The steam dragon claws you but does no damage.
You closely miss the steam dragon.
The steam dragon is heavily wounded.
The steam dragon breathes steam at you. The ball of steam hits you.
You die...

##.## ..... #...# ...
... #.# #D# #@# .# ##'##
.# ##...## #.# ##..§..##
##.##### #...§...##
##.#.....
#.........####...##.##
.'.........'...........
###>........####...##.##
##.......## ##.....#


You could see a steam dragon (catching breath).

Vanquished Creatures
  A steam dragon (D:6)
  2 water moccasins
  3 black bears (D:6)
  A sky beast (D:6)
  2 ice beasts (D:6)
  An ogre (D:6)
  A kobold brigand (D:6)
  A bullfrog (D:6)
  A scorpion (D:5)
  3 wights (D:7)
  A howler monkey (D:5)
  A hound (D:6)
  2 jellies (D:5)
  3 iguanas
  7 gnolls
  8 adders
  An ufetubus (D:6)
  2 worms (D:2)
  The ghost of cforsyth the Sneak, a weakling DjDe (D:4)
  2 dart slugs
  6 bats
  9 endoplasms
  4 giant cockroaches
  6 goblins
  6 hobgoblins
  10 jackals
  7 quokkas
  7 ball pythons
  3 frilled lizards
  5 kobolds
  7 rats
114 creatures vanquished.

Notes
Turn   | Place    | Note
-------+----------+-------------------------------------------
     0 | D:1      | Dittersdorf the Gargoyle Fighter began the quest for the
                  | Orb.
     0 | D:1      | Reached XP level 1. HP: 14/14 MP: 1/1
    33 | D:1      | Reached XP level 2. HP: 12/19 MP: 2/2
   554 | D:1      | Reached XP level 3. HP: 23/23 MP: 3/3
   877 | D:2      | Reached XP level 4. HP: 28/29 MP: 4/4
  1619 | D:3      | Reached XP level 5. HP: 31/33 MP: 5/5
  1826 | D:3      | Found a faded altar of an unknown god.
  2717 | D:4      | Found a staircase to the Ecumenical Temple.
  2726 | Temple   | Entered the Ecumenical Temple
  2766 | D:4      | Found a broken altar of Ashenzari.
  2909 | D:4      | Found a runed translucent door.
  2909 | D:4      | Noticed cforsyth's ghost (weakling DjDe)
  3089 | D:4      | Found an iron altar of Okawaru.
  3095 | D:4      | Became a worshipper of Warmaster Okawaru
  3273 | D:4      | Found a shadowy altar of Dithmenos.
  3600 | D:4      | Killed cforsyth's ghost
  3673 | D:5      | Entered Level 5 of the Dungeon
  3719 | D:5      | Reached XP level 6. HP: 39/39 MP: 6/6
  4098 | D:5      | Reached skill level 5 in Fighting
  4098 | D:5      | Reached skill level 5 in Shields
  4788 | D:6      | Noticed an ice beast
  4804 | D:6      | Killed an ice beast
  4805 | D:6      | Reached skill level 5 in Armour
  4805 | D:6      | Reached XP level 7. HP: 36/44 MP: 7/7
  5069 | D:6      | Reached * piety under Okawaru
  5366 | D:6      | Reached XP level 8. HP: 41/51 MP: 8/8
  5476 | D:6      | Reached skill level 5 in Maces & Flails
  5717 | D:6      | Reached ** piety under Okawaru
  6378 | D:7      | Reached XP level 9. HP: 44/57 MP: 9/9
  6389 | D:7      | HP: 2/57 [steam dragon (6)]
  6391 | D:7      | Killed from afar by a steam dragon

Illustrated notes

Levels and vault maps discovered:
D:1:      erik_arrival_blinker_ship, layout_basic
D:2:      layout_basic
D:3:      layout_basic, ebering_ecumenical_altar_webs
D:4:      layout_basic, mainiacjoe_overflow_alcove_4, okawaru_trees_2,
          cheibrodos_ashenzari_chains, minmay_temple_entry_glass,
          gammafunk_ghost_grave
D:5:      layout_layer_cave
D:6:      layout_basic
D:7:      layout_loops_corners, grunt_temple_overflow_opulence
Temple:   nicolae_temple_superstar

Skill      XL: |  1  2  3  4  5  6  7  8  9 |
---------------+----------------------------+-----
Fighting       | 4 5 7 |  7.0
Shields        | 4 5 7 |  7.0
Armour         | 4 5 6 7 |  7.0
Maces & Flails | 3 4 5 |  5.9

Action                     |  1- 3 |  4- 6 |  7- 9 || total
---------------------------+-------+-------+-------++-------
  Melee: Flail             |   126 |   236 |   154 ||   516
  Throw: Dart              |       |     2 |    17 ||    19
    Use: Scroll            |       |    14 |     4 ||    18
 Armour: Scale mail        |    98 |   166 |   187 ||   451
  Dodge: Dodged            |    57 |   122 |    55 ||   234
  Block: Buckler           |    32 |    61 |    63 ||   156

Table legend: (Time is in decaauts)
 A = Elapsed time spent in this place.
 B = Non-inter-level travel time spent in this place.
 C = Inter-level travel time spent in this place.
 D = Time resting spent in this place.
 E = Time spent auto-exploring this place.
 F = Levels seen in this place.
 G = Mean time per level.
                   A        B        C        D        E       F      G
               +--------+--------+--------+--------+--------+-----+--------+
         Total |   6518 |   6228 |    290 |    471 |   4590 |   8 |  814.8 |
       Dungeon |   6513 |   6223 |    290 |    471 |   4590 |   7 |  930.4 |
        Temple |      5 |      5 |      0 |      0 |      0 |   1 |    5.0 |
               +--------+--------+--------+--------+--------+-----+--------+

Top non-repeatable levels by time:
     D:6: 1473 daAuts
     D:3: 1119 daAuts
     D:5: 1076 daAuts
     D:4: 1013 daAuts
     D:2: 936 daAuts
     D:1: 690 daAuts
     D:7: 205 daAuts
  Temple: 5 daAuts
